 Dungeon Crawl Stone Soup version 0.31-a0-691-g409c26aa35 (webtiles) character file.

Game seed: 7058989757138944090

997 SmokeWeed the Skirmisher (level 7, -3/61 HPs)
             Began as a Minotaur Hunter on Sept 7, 2023.
             Was an Initiate of Qazlal.
             Slain by an orc warrior
             ... wielding a +0 scimitar
              (6 damage)
             ... on level 7 of the Dungeon.
             The game lasted 00:17:02 (5211 turns).

SmokeWeed the Skirmisher (Minotaur Hunter)          Turns: 5211, Time: 00:17:03

Health: -3/61      AC: 17    Str: 14 (16) XL:     7   Next: 99%
Magic:  6/6        EV:  7    Int: 10 (12) God:    Qazlal [......]
Gold:   28         SH:  0    Dex: 13 (15) Spells: 6/6 levels left

rFire   + . .        a - +0 shortbow
rCold   . . .        (shield currently unavailable)
rNeg    . . .        A - +2 chain mail {rF+}
rPois   .            (helmet restricted)
rElec   .            v - +2 cloak
rCorr   .            m - +2 pair of gloves
SInv    .            (no boots)
Will    +....        (no amulet) Stlth
                     o - +4 ring of slaying
HPRegen 0.30/turn    s - +6 ring of intelligence
MPRegen 0.10/turn

%: no passive effects
@: mighty, enlightened, flying
A: horns 2, retaliatory headbutt
a: Renounce Religion


You were on level 7 of the Dungeon.
You worshipped Qazlal.
Qazlal was noncommittal.
You visited 2 branches of the dungeon, and saw 8 of its levels.

You collected 307 gold pieces.
You spent 279 gold pieces at shops.

Inventory:

Hand Weapons
 a - a +0 shortbow (weapon)
Missiles
 e - 3 boomerangs
 p - 6 poisoned darts
Armour
 m - a +2 pair of gloves (worn)
 v - a +2 cloak (worn)
 A - a +2 chain mail of fire resistance (worn)
Jewellery
 o - a +4 ring of slaying (left hand)
 s - a +6 ring of intelligence (right hand)
Talismans
 r - a beast talisman
Wands
 w - a wand of paralysis (16)
Scrolls
 b - a scroll of butterflies
 c - a scroll of enchant armour
 h - a scroll of revelation
 t - a scroll of fog
 y - a scroll of silence {unknown}
Potions
 f - a potion of attraction {unknown}
 g - a potion of brilliance {unknown}
 i - a potion of cancellation {unknown}
 j - a potion of degeneration
 k - a potion of curing
 l - a potion of might
 n - a potion of enlightenment
 q - a potion of invisibility {unknown}
 u - 2 potions of magic
 x - a potion of berserk rage {unknown}
 z - a potion of haste {unknown}


   Skills:
 + Level 5.1 Fighting
 + Level 9.5 Ranged Weapons
 + Level 3.3 Armour
 + Level 2.4 Dodging
 + Level 1.2 Stealth


You had 6 spell levels left.
You didn't know any spells.
Your spell library contained the following spells:

 Spells                   Type           Power      Damage    Failure   Level
 Freeze                   Ice            0%         1d3       99%         1
 Blink                    Tloc           0%         N/A       100%        2
 Lesser Beckoning         Tloc           0%         N/A       100%        2
 Momentum Strike          Conj/Tloc      0%         3d8       100%        2
 Frozen Ramparts          Ice            0%         1d1       100%        3
 Hailstorm                Conj/Ice       0%         3d3       100%        3


Dungeon Overview and Level Annotations

Branches:
Dungeon (7/15)             Temple (1/1) D:5

Altars:
Dithmenos
Elyvilon
Fedhas
Gozag
Hepliaklqana
Kikubaaqudgha
Makhleb
Nemelex Xobeh
Okawaru
Qazlal
Ru
Sif Muna
Trog
Uskayaw
Vehumet
Wu Jian
Xom
Zin
The Shining One

Shops:
D:6 [


Innate Abilities, Weirdness & Mutations

You have a pair of horns on your head.
You reflexively headbutt those who attack you in melee.


Message History

Aim: an orc warrior, wielding a +0 scimitar and wearing a +0 plate armour (moderately wounded, 69% to hit)
You shoot an arrow.
The arrow barely misses the orc warrior.
The arrow hits the black bear!
The black bear is severely wounded.
The orc warrior hits you with a +0 scimitar!
The orc priest looks satisfied for a moment.
The orc warrior hits you with a +0 scimitar!
The orc priest calls down the wrath of Beogh upon you.
Beogh smites you!
It was a potion of curing.
You feel better.
The orc warrior hits you with a +0 scimitar!
* * * LOW HITPOINT WARNING * * *
The black bear goes berserk!
It was a potion of degeneration.
There was something very wrong with that liquid.
You feel weakened.
You feel dopey.
You feel clumsy.
The orc warrior hits you with a +0 scimitar.
* * * LOW HITPOINT WARNING * * *
The orc priest mumbles some strange prayers to Beogh against you.
Beogh smites you!
* * * LOW HITPOINT WARNING * * *
It was a potion of might.
You feel very mighty all of a sudden.
The orc warrior hits you with a +0 scimitar.
* * * LOW HITPOINT WARNING * * *
Fire: a) +0 shortbow
Press: ? - help, Q - select action, (/) - cycle Shift-Dir - straight line, f/p - orc warrior
Aim: an orc warrior, wielding a +0 scimitar and wearing a +0 plate armour (moderately wounded, 68% to hit)
You shoot an arrow.
The arrow closely misses the orc warrior.
The arrow hits the black bear.
The black bear is almost dead.
The orc warrior hits you with a +0 scimitar.
* * * LOW HITPOINT WARNING * * *
It was a potion of enlightenment.
You feel very buoyant.
You fly up into the air.
The orc warrior hits you with a +0 scimitar.
You die...

#.# #.# #. #.# #..
#.# #.## #.# #...
#.# #..# . #.# #..#
..
#.############..#..#
#..@ohYJooY.##.Y...#
###########.##.##..o
#.....YJ.#
#.##.Y...#
#.....o...
#..####... #..# .##
#..# # ...#


You could see 2 yaks, an orc warrior, a black bear (berserk), a jelly and 2 orc
priests.

Vanquished Creatures
  An ice beast (D:5)
  An ogre (D:5)
  A phantom (D:5)
  2 bullfrogs (D:7)
  A howler monkey (D:5)
  2 orc priests (D:5)
  A jelly (D:5)
  A sleepcap (D:6)
  4 orc wizards
  4 iguanas
  7 gnolls
  12 adders
  A shadow imp (D:5)
  2 worms
  A dart slug (D:2)
  9 orcs
  4 ball pythons
  5 bats
  4 endoplasms
  4 giant cockroaches
  8 goblins
  8 hobgoblins
  3 jackals (D:2)
  11 kobolds
  3 quokkas
  4 frilled lizards
  2 rats (D:2)
  A spectral orc (D:4)
107 creatures vanquished.

Notes
Turn   | Place    | Note
-------+----------+-------------------------------------------
     0 | D:1      | SmokeWeed the Minotaur Hunter began the quest for the Orb.
     0 | D:1      | Reached XP level 1. HP: 18/18 MP: 0/0
   101 | D:1      | Reached skill level 1 in Stealth
   225 | D:1      | Reached XP level 2. HP: 25/25 MP: 1/1
   513 | D:1      | Found a faded altar of an unknown god.
   757 | D:1      | Reached skill level 5 in Ranged Weapons
   898 | D:2      | Reached XP level 3. HP: 30/30 MP: 2/2
   983 | D:2      | Reached skill level 1 in Armour
   983 | D:2      | Reached XP level 4. HP: 24/38 MP: 3/3
  1242 | D:2      | Identified the +1 robe "Hissag" {rElec rC+}
  1427 | D:3      | Reached skill level 6 in Ranged Weapons
  1559 | D:3      | Identified the ring of Elyxtay {Drain rN+ EV+5 Dex+3}
  1722 | D:3      | Reached XP level 5. HP: 41/45 MP: 4/4
  1859 | D:3      | Found a glowing silver altar of Zin.
  2571 | D:4      | Found a hazy altar of Hepliaklqana.
  2652 | D:5      | Entered Level 5 of the Dungeon
  2692 | D:5      | Reached skill level 7 in Ranged Weapons
  2719 | D:5      | Reached XP level 6. HP: 52/52 MP: 5/5
  2930 | D:5      | Found a staircase to the Ecumenical Temple.
  3247 | D:5      | Reached skill level 8 in Ranged Weapons
  3247 | D:5      | Reached XP level 7. HP: 58/58 MP: 6/6
  3737 | Temple   | Entered the Ecumenical Temple
  3832 | Temple   | Became a worshipper of Qazlal Stormbringer
  3889 | D:6      | Reached skill level 9 in Ranged Weapons
  4030 | D:6      | Found Isofeeh's Armour Shoppe.
  4035 | D:6      | Bought a +2 chain mail of fire resistance for 279 gold
                  | pieces
  5184 | D:7      | Noticed a yak
  5185 | D:7      | Noticed a yak
  5188 | D:7      | Reached skill level 5 in Fighting
  5210 | D:7      | HP: 3/61 [orc warrior/+0 scimitar (3)]
  5211 | D:7      | Slain by an orc warrior

Illustrated notes

Levels and vault maps discovered:
D:1:      tarquinn_simple_flora_water_c, layout_basic,
          ebering_ecumenical_altar_abandoned
D:2:      layout_rooms, st_stairs_6
D:3:      kb_forest_paths, layout_loops_ring, zin_academy, glass_columns_a
D:4:      layout_basic, nicolae_hepliaklqana_monster_ancestors, st_stairs_6,
          minmay_distorted
D:5:      layout_gridville, minmay_temple_entry_slanted,
          hangedman_decor_diamond_cutter, hangedman_abyss_or_decor_passed,
          corexii_leaking_fountain
D:6:      layout_layer_cave, serial_shops, shop
D:7:      layout_loops_ring, overflow_temple_1_default, serial_shops,
          nicolae_shop_bloodbath_and_beyond, hangedman_decor_clover_reticule
Temple:   minmay_crystal_spiral_temple

Skill      XL: |  1  2  3  4  5  6  7 |
---------------+----------------------+-----
Stealth        | 1 |  1.2
Ranged Weapons | 5 6 7 8 9 |  9.5
Fighting       | 3 5 |  5.1
Armour         | 1 2 3 |  3.3
Dodging        | |  2.4

Action                     |  1- 3 |  4- 6 |  7- 9 || total
---------------------------+-------+-------+-------++-------
   Fire: Shortbow          |    96 |   147 |    70 ||   313
  Throw: Boomerang         |       |     1 |       ||     1
    Use: Scroll            |       |     6 |     1 ||     7
         Potion            |       |       |     4 ||     4
 Armour: Leather armour    |    20 |    19 |       ||    39
         Chain mail        |       |    17 |    55 ||    72
  Dodge: Dodged            |    29 |    35 |    17 ||    81

Table legend: (Time is in decaauts)
 A = Elapsed time spent in this place.
 B = Non-inter-level travel time spent in this place.
 C = Inter-level travel time spent in this place.
 D = Time resting spent in this place.
 E = Time spent auto-exploring this place.
 F = Levels seen in this place.
 G = Mean time per level.
                   A        B        C        D        E       F      G
               +--------+--------+--------+--------+--------+-----+--------+
         Total |   5276 |   5204 |     72 |    258 |   3904 |   8 |  659.5 |
       Dungeon |   5155 |   5083 |     72 |    258 |   3904 |   7 |  736.4 |
        Temple |    120 |    120 |      0 |      0 |      0 |   1 |  120.0 |
               +--------+--------+--------+--------+--------+-----+--------+

Top non-repeatable levels by time:
     D:6: 1175 daAuts
     D:5: 1125 daAuts
     D:1: 818 daAuts
     D:3: 805 daAuts
     D:2: 533 daAuts
     D:4: 521 daAuts
     D:7: 175 daAuts
  Temple: 120 daAuts
